 Dungeon Crawl Stone Soup version 0.32-a0-312-g1d7162e751 (webtiles) character file.

Game seed: 12682481985963777385

79 RichitheSlayer the Covered (level 4, -3/40 HPs)
             Began as a Mountain Dwarf Fighter on Feb 15, 2024.
             Killed from afar by Sigmund (8 damage)
             ... with a magic dart
             ... on level 2 of the Dungeon.
             The game lasted 00:01:21 (1170 turns).

RichitheSlayer the Covered (Mountain Dwarf Fighter) Turns: 1170, Time: 00:01:22

Health: -3/40      AC:  7    Str: 27    XL:     4   Next: 17%
Magic:  4/4        EV:  9    Int:  8    God:
Gold:   75         SH:  4    Dex:  9    Spells: 3/3 levels left

rFire   . . .        a - +0 flail
rCold   . . .        c - +0 buckler
rNeg    . . .        b - +0 scale mail
rPois   .            (no helmet)
rElec   .            (no cloak)
rCorr   .            (no gloves)
SInv    .            (no boots)
Will    .....        (no amulet) Stlth
                     e - +6 ring of strength
HPRegen 0.26/turn    (no ring)
MPRegen 0.09/turn

%: no passive effects
@: no status effects
A: runic magic, artefact enchanting
a: no special abilities


You were on level 2 of the Dungeon.
You visited 1 branch of the dungeon, and saw 2 of its levels.

You collected 75 gold pieces.

Inventory:

Hand Weapons
 a - a +0 flail (weapon)
Armour
 b - a +0 scale mail (worn)
 c - a +0 buckler (worn)
Jewellery
 e - a +6 ring of strength (left hand)
Scrolls
 f - a scroll of torment {unknown}
 i - a scroll of fear {unknown}
 k - a scroll of revelation {unknown}
Potions
 d - a potion of might
 g - a potion of brilliance {unknown}
 h - a potion of heal wounds {unknown}
 j - a potion of mutation {unknown}


   Skills:
 + Level 3.9 Fighting
 + Level 3.3 Maces & Flails
 + Level 4.2 Armour
 + Level 0.1 Dodging
 + Level 3.8 Shields


You had 3 spell levels left.
You didn't know any spells.
Your spell library contained the following spells:

 Spells                   Type           Power      Damage    Failure   Level
 Freeze                   Ice            0%         1d3       52%         1
 Frozen Ramparts          Ice            0%         1d1       88%         3
 Hailstorm                Conj/Ice       0%         3d5       88%         3


Dungeon Overview and Level Annotations

Branches:
Dungeon (2/15)

Altars:

Annotations:
D:2 Sigmund


Innate Abilities, Weirdness & Mutations

Your spellcasting is much less encumbered by armour.
You can use scrolls of enchantment on lesser artefacts.


Message History

Unknown command.
You barely miss something. Something hits you but does no damage.
Unknown command.
You miss something. Something hits you.
You closely miss something. You block something's attack.
Unknown command.
You closely miss something.
Unknown command.
You closely miss something. Something hits you.
* * * LOW HITPOINT WARNING * * *
Unknown command.
You thump something! You block something's attack.
Unknown command.
You barely miss something.
You hear some strange, mumbled words.
A magic dart appears from out of thin air!
The magic dart hits you.
* * * LOW HITPOINT WARNING * * *
Unknown command.
You closely miss something. You block something's attack.
Unknown command.
You thump something! Something hits you.
* * * LOW HITPOINT WARNING * * *
You closely miss something. Something hits you but does no damage.
Unknown command.
You barely miss something. Something hits you but does no damage.
Unknown command.
You miss something. Something hits you but does no damage.
Unknown command.
You barely miss something.
Unknown command.
You closely miss something. Something hits you.
* * * LOW HITPOINT WARNING * * *
You barely miss something. Something hits you but does no damage.
You closely miss something. Something hits you but does no damage.
You closely miss something.
You hear some strange, mumbled words.
A magic dart appears from out of thin air!
The magic dart hits you!
You die...

...#.# #.#
#######.## . #.#
#.# #.# #.# ###
#.# ..# #.# #.#
#.# #{# #.# #@#
#.# #.# #.# #.#
#.# #.####.# #
###.#....# #
#.#...#.##.#
###.#.#.###.####
..).....###.#
###.........#


There were no monsters in sight!

Vanquished Creatures
  An adder (D:2)
  A ribbon worm (D:2)
  A dart slug (D:1)
  8 ball pythons
  4 bats (D:1)
  An endoplasm (D:1)
  4 goblins (D:1)
  6 hobgoblins
  4 kobolds (D:1)
  A quokka (D:1)
  3 frilled lizards (D:1)
  3 rats (D:1)
37 creatures vanquished.

Notes
Turn   | Place    | Note
-------+----------+-------------------------------------------
     0 | D:1      | RichitheSlayer the Mountain Dwarf Fighter began the quest
                  | for the Orb.
     0 | D:1      | Reached XP level 1. HP: 19/19 MP: 1/1
    94 | D:1      | Reached XP level 2. HP: 27/27 MP: 2/2
   213 | D:1      | Reached XP level 3. HP: 31/33 MP: 3/3
   643 | D:1      | Reached skill level 4 in Armour
  1013 | D:2      | Reached XP level 4. HP: 36/40 MP: 4/4
  1135 | D:2      | Noticed Sigmund
  1170 | D:2      | Killed from afar by Sigmund

Illustrated notes

Levels and vault maps discovered:
D:1:      hellmonk_arrival_library, layout_loops_cross, st_stairs_10
D:2:      layout_basic, minmay_distorted, uniq_sigmund

Skill      XL: |  1  2  3 |
---------------+----------+-----
Maces & Flails | 3 |  3.3
Armour         | 4 |  4.2
Fighting       | |  3.9
Dodging        | |  0.1
Shields        | |  3.8

Action                     |  1- 3 |  4- 6 || total
---------------------------+-------+-------++-------
  Melee: Flail             |   105 |    36 ||   141
 Armour: Scale mail        |   103 |    21 ||   124
  Dodge: Dodged            |    64 |    12 ||    76
  Block: Buckler           |    23 |     4 ||    27

Table legend: (Time is in decaauts)
 A = Elapsed time spent in this place.
 B = Non-inter-level travel time spent in this place.
 C = Inter-level travel time spent in this place.
 D = Time resting spent in this place.
 E = Time spent auto-exploring this place.
 F = Levels seen in this place.
 G = Mean time per level.
                   A        B        C        D        E       F      G
               +--------+--------+--------+--------+--------+-----+--------+
         Total |   1208 |   1208 |      0 |      0 |    868 |   2 |  604.0 |
       Dungeon |   1208 |   1208 |      0 |      0 |    868 |   2 |  604.0 |
               +--------+--------+--------+--------+--------+-----+--------+

Top non-repeatable levels by time:
     D:1: 824 daAuts
     D:2: 383 daAuts
